 Dungeon Crawl Stone Soup version 0.28-a0-32-g8dfe7f97f6 (webtiles) character file.

Game seed: 8834328415998525101

34 freelancePsychic the Skirmisher (level 3, -4/29 HPs)
             Began as a Demonspawn Chaos Knight on July 28, 2021.
             Killed by divine providence
             ... invoked by a smoke demon
             ... summoned by Xom
              (12 damage)
             ... on level 1 of the Dungeon.
             The game lasted 00:02:58 (1167 turns).

freelancePsychic the Skirmisher (DsCK)              Turns: 1167, Time: 00:02:58

Health: -4/29      AC:  7    Str: 13    XL:     3   Next: 14%
Magic:  3/3        EV: 15    Int: 13    God:
Gold:   12         SH:  3    Dex: 12    Spells: 2/2 levels left

rFire   . . .      SeeInvis .   a - +0 short sword (chaos)
rCold   . . .      Faith    .   f - +0 buckler
rNeg    . . .      Spirit   .   b - +2 leather armour
rPois   .          Reflect  .   (no helmet)
rElec   .          Harm     .   (no cloak)
rCorr   .          Rampage  .   (no gloves)
Will    .....                   (no boots)
Stlth   +.........              (no amulet)
HPRegen 0.09/turn               (no ring)
MPRegen 0.08/turn               (no ring)

@: agile, flying
A: yellow scales 1, demonic guardian 1
a: no special abilities


You were on level 1 of the Dungeon.
You visited 1 branch of the dungeon, and saw 1 of its levels.

You collected 12 gold pieces.

Inventory:

Hand Weapons
 a - a +0 short sword of chaos (weapon)
Armour
 b - a +2 leather armour (worn)
 f - a +0 buckler (worn)
Scrolls
 g - 2 scrolls of magic mapping
Potions
 d - a potion of curing {@q1}


   Skills:
 + Level 3.5 Fighting
 - Level 3.0 Short Blades
 - Level 2.0 Armour
 - Level 1.1 Dodging
 + Level 0.9 Shields


You had 2 spell levels left.
You didn't know any spells.
Your spell library was empty.

Dungeon Overview and Level Annotations

Branches:
Dungeon (1/15)

Altars:


Innate Abilities, Weirdness & Mutations

You are partially covered in yellow scales. (AC +2)
A weak demonic guardian rushes to your aid.


Message History

No target in view!
No target in view!
No target in view!
No target in view!
No target in view!
You completely miss something. Something bites you but does no damage.
You hit something.
Reactivating autopickup.
You feel a bit more experienced.
You see here a jackal corpse.
Found a stone staircase leading down.
There is a stone staircase leading down here.
Found a stone staircase leading down. "Fight to survive, mortal."
Okay, then.
The smoke demon gestures at you. Xom smites you!
As you read the scroll labelled SEMANUNYNU, it crumbles to dust.
Your body is wracked with pain!
It was a scroll of torment.
As you read the scroll labelled ASAINU KEYRCHUT, it crumbles to dust.
You hear a loud clanging noise!
It was a scroll of noise.
It was a potion of curing.
You feel better.
You closely miss the chaos spawn. The chaos spawn gores you!
* * * LOW HITPOINT WARNING * * *
A demonic guardian appears!
You feel agile all of a sudden.
You hit the chaos spawn but do no damage.
You swap places.
The crimson imp shouts, "Decamp, thou unhinged fool-born gudgeon!"
The chaos spawn barely misses your shadow imp.
Your shadow imp barely misses the chaos spawn.
The chaos spawn hits your shadow imp. The chaos spawn shocks your shadow imp.
Your shadow imp dies!
It was a potion of flight.
You feel very buoyant.
You fly up into the air.
The smoke demon gestures at you. Xom smites you!
You die...

#.# #..3.4....# #.#
#########.# ###.# #.#
....# #3# ##### #5# #.#
#4# # #.# # #@# # #.#
####
♣♣♣♣♣♣♣♣##############..#
.....................##.#
...♣...♣.............##.#
♣....♣♣...⌠....###...##.#
♣...♣.....))..## ##..##.#
...........†..## ##..##.#
..♣♣..).####...###...##.#


You could see a smoke demon (summoned), a chaos spawn (summoned) and a crimson
imp (summoned).

Vanquished Creatures
  5 bats (D:1)
  3 endoplasms (D:1)
  3 goblins (D:1)
  2 hobgoblins (D:1)
  6 jackals (D:1)
  3 ball pythons (D:1)
  2 frilled lizards (D:1)
  4 kobolds (D:1)
  2 rats (D:1)
30 creatures vanquished.

Notes
Turn   | Place    | Note
-------+----------+-------------------------------------------
     0 | D:1      | freelancePsychic the Demonspawn Chaos Knight began the
                  | quest for the Orb.
     0 | D:1      | Reached XP level 1. HP: 18/18 MP: 1/1
     0 | D:1      | Fell from the grace of Xom
    77 | D:1      | Reached skill level 1 in Dodging
   293 | D:1      | Gained mutation: A weak demonic guardian rushes to your
                  | aid. [demonic ancestry]
   293 | D:1      | Reached XP level 2. HP: 20/24 MP: 2/2
  1058 | D:1      | Gained mutation: You are partially covered in yellow
                  | scales. (AC +2) [demonic ancestry]
  1058 | D:1      | Reached XP level 3. HP: 29/29 MP: 3/3
  1147 | D:1      | XOM: summons 3 hostile demons
  1148 | D:1      | Noticed a chaos spawn
  1148 | D:1      | Noticed a smoke demon
  1167 | D:1      | Killed from afar by a smoke demon

Illustrated notes

Levels and vault maps discovered:
D:1:      erik_arrival_cave_to_civilisation [erik_arrival_cave_to_hall],
          layout_loops_ring

Skill      XL: |  1  2 |
---------------+-------+-----
Dodging        | 1 |  1.1
Armour         | 2 |  2.0
Short Blades   | 3 |  3.0
Fighting       | |  3.5
Shields        | |  0.9

Action                   || total
-------------------------++-------
Melee: Short sword       ||    95
Invok: Renounce Religion ||     1
  Use: Scroll            ||     3
       Potion            ||     2
Armor: Leather armour    ||    37
Dodge: Dodged            ||    66
Block: Buckler           ||     2

Table legend: (Time is in decaauts)
 A = Elapsed time spent in this place.
 B = Non-inter-level travel time spent in this place.
 C = Inter-level travel time spent in this place.
 D = Time resting spent in this place.
 E = Time spent auto-exploring this place.
 F = Levels seen in this place.
 G = Mean time per level.
                   A        B        C        D        E       F      G
               +--------+--------+--------+--------+--------+-----+--------+
         Total |   1165 |   1145 |     20 |    177 |    776 |   1 | 1165.0 |
       Dungeon |   1165 |   1145 |     20 |    177 |    776 |   1 | 1165.0 |
               +--------+--------+--------+--------+--------+-----+--------+

Top non-repeatable levels by time:
     D:1: 1165 daAuts
